TOP OF THE 1ST |
Hartford Yard Goats batting - Pitching for Peoria Chiefs : RHP Ray Strehler
|
Pitching: RHP Ray Strehler
|
|
Batting: SHB Pete Perla
|
0-0: Foul Ball, location: 2F 0-1: Ball 1-1: Ground out 5-3 (Groundball, 5, EV 78.1 MPH)
|
Batting: LHB Roy Riess
|
0-0: Ball 1-0: Swinging Strike 1-1: Swinging Strike 1-2: Ball 2-2: Ball 3-2: Foul Ball, location: 2F 3-2: Reached on error, E4 (Groundball, 4, EV 108.1 MPH)
|
Batting: LHB Chris Salim
|
0-0: Ball 1-0: Foul Ball, location: 2F 1-1: Ball 2-1: TRIPLE (Flyball, 78XD, EV 94.4 MPH) Roy Riess scores
|
Batting: LHB Chris Raymond
|
0-0: Swinging Strike 0-1: Ball 1-1: Foul Ball, location: 2F 1-2: Ball 2-2: Strikes out looking
|
Batting: RHB Bobby Gulsby
|
0-0: Called Strike 0-1: Foul Ball, location: 2F 0-2: Ground out 5-3 (Groundball, 56, EV 92.5 MPH)
|
Top of the 1st over - 1 run, 1 hit, 1 error, 1 left on base; Hartford 1 - Peoria 0 |
BOTTOM OF THE 1ST |
Peoria Chiefs batting - Pitching for Hartford Yard Goats : LHP John Mandarino
|
Pitching: LHP John Mandarino
|
|
Batting: RHB Fortunato Fteira
|
0-0: Foul Ball, location: 2F 0-1: Foul Ball, location: 2F 0-2: Foul Ball, location: 2F 0-2: Foul Ball, location: 2F 0-2: Foul Ball, location: 2F 0-2: Strikes out swinging
|
Batting: RHB Richard Riggs
|
0-0: Ground out 4-3 (Groundball, 4S, EV 84.4 MPH)
|
Batting: RHB Tyler Walker
|
0-0: Called Strike 0-1: Ball 1-1: Ball 2-1: Ball 3-1: Foul Ball, location: 2F 3-2: Base on Balls
|
Batting: RHB Tim Cleary
|
0-0: Called Strike Tyler Walker steals 2nd base 0-1: Ball 1-1: Ball 2-1: Called Strike 2-2: Ground out 1-3 (Groundball, 13S, EV 67.5 MPH)
|
Bottom of the 1st over - 0 runs, 0 hits, 0 errors, 1 left on base; Hartford 1 - Peoria 0 |
TOP OF THE 2ND |
Hartford Yard Goats batting - Pitching for Peoria Chiefs : RHP Ray Strehler
|
Batting: RHB Elias Urbina
|
0-0: Foul Ball, location: 2F 0-1: Ball 1-1: SINGLE (Groundball, 25, EV 71.2 MPH) (infield hit)
|
Batting: RHB Mike Manchester
|
0-0: Ball Elias Urbina steals 2nd base 1-0: Foul Ball, location: 2F 1-1: SINGLE (Groundball, 6MD, EV 103.1 MPH) Elias Urbina to third
|
Batting: LHB Joe Miller
|
0-0: Ball Wild Pitch! Elias Urbina scores Mike Manchester to second 1-0: Ground out 3-1 (Groundball, 34S, EV 76.2 MPH) Mike Manchester to third
|
Batting: RHB Chris Kinder
|
0-0: Ball 1-0: Called Strike 1-1: Ball 2-1: Foul Ball, location: 2F 2-2: Ground out 1-3 (Groundball, 13S, EV 73.1 MPH)
|
Batting: SHB Pete Perla
|
0-0: Ball 1-0: Ball 2-0: Foul Ball, location: 2F 2-1: Foul Ball, location: 2F 2-2: Ball Balk! Mike Manchester scores 3-2: Ground out U3 (Groundball, 3, EV 106.9 MPH)
|
Top of the 2nd over - 2 runs, 2 hits, 0 errors, 0 left on base; Hartford 3 - Peoria 0 |
BOTTOM OF THE 2ND |
Peoria Chiefs batting - Pitching for Hartford Yard Goats : LHP John Mandarino
|
Batting: RHB Josh Broome
|
0-0: Foul Ball, location: 2F 0-1: Foul Ball, location: 2F 0-2: Ball 1-2: Ground out 6-3 (Groundball, 56, EV 108.8 MPH)
|
Batting: RHB Chris Norris
|
0-0: SINGLE (Line Drive, 9LS, EV 92.5 MPH)
|
Batting: RHB Tommy Tracy
|
0-0: Called Strike 0-1: Fielders Choice at 2nd, 5-4 (Groundball, 56, EV 82.5 MPH)
|
Batting: SHB Hank Arias
|
0-0: Ball 1-0: Fielders Choice at 2nd, 6-4 (Groundball, 6, EV 83.8 MPH)
|
Bottom of the 2nd over - 0 runs, 1 hit, 0 errors, 1 left on base; Hartford 3 - Peoria 0 |
TOP OF THE 3RD |
Hartford Yard Goats batting - Pitching for Peoria Chiefs : RHP Ray Strehler
|
Batting: LHB Roy Riess
|
0-0: Called Strike 0-1: Ball 1-1: Ball 2-1: Foul Ball, location: 2F 2-2: Foul Ball, location: 2F 2-2: SINGLE (Groundball, 34D, EV 98.8 MPH)
|
Batting: LHB Chris Salim
|
0-0: Ball Roy Riess steals 2nd base 1-0: SINGLE (Groundball, 56D, EV 94.4 MPH) Roy Riess to third Runner from 3rd tries for Home, SAFE, throw by LF to home
|
Batting: LHB Chris Raymond
|
0-0: Grounds into double play, 4-6-3 (Groundball, 4MS, EV 92.5 MPH)
|
Batting: RHB Bobby Gulsby
|
0-0: Ball 1-0: Ball 2-0: Called Strike 2-1: Ball 3-1: Foul Ball, location: 2F 3-2: TRIPLE (Flyball, 78XD, EV 105.0 MPH)
|
Batting: RHB Elias Urbina
|
0-0: Ball 1-0: Fly out, F7 (Line Drive, 78M, EV 106.9 MPH)
|
Top of the 3rd over - 1 run, 3 hits, 0 errors, 1 left on base; Hartford 4 - Peoria 0 |
BOTTOM OF THE 3RD |
Peoria Chiefs batting - Pitching for Hartford Yard Goats : LHP John Mandarino
|
Now at 1B: Luis Castillo
|
|
Batting: RHB Yorkis Saiki
|
0-0: Swinging Strike 0-1: Foul Ball, location: 2F 0-2: Ball 1-2: Ground out 6-3 (Groundball, 6, EV 93.1 MPH)
|
Batting: RHB Fortunato Fteira
|
0-0: Swinging Strike 0-1: Foul Ball, location: 2F 0-2: Strikes out looking
|
Batting: RHB Richard Riggs
|
0-0: Called Strike 0-1: Called Strike 0-2: SINGLE (Line Drive, 9S, EV 100.6 MPH)
|
Batting: RHB Tyler Walker
|
0-0: Ball 1-0: Ball Richard Riggs is caught stealing 2nd base 2-4
|
Bottom of the 3rd over - 0 runs, 1 hit, 0 errors, 0 left on base; Hartford 4 - Peoria 0 |
TOP OF THE 4TH |
Hartford Yard Goats batting - Pitching for Peoria Chiefs : RHP Ray Strehler
|
Batting: RHB Mike Manchester
|
0-0: Ball 1-0: Called Strike 1-1: Ball 2-1: Ground out 5-3 (Groundball, 56S, EV 70.0 MPH)
|
Batting: LHB Joe Miller
|
0-0: Ball 1-0: Ball 2-0: Called Strike 2-1: Foul Ball, location: 2F 2-2: Ball 3-2: Foul Ball, location: 2F 3-2: Fly out, F9 (Flyball, 89S, EV 76.2 MPH)
|
Batting: RHB Chris Kinder
|
0-0: Ball 1-0: DOUBLE (Groundball, 5L, EV 94.4 MPH)
|
Batting: SHB Pete Perla
|
0-0: Ground out 5-3 (Groundball, 56, EV 86.2 MPH)
|
Top of the 4th over - 0 runs, 1 hit, 0 errors, 1 left on base; Hartford 4 - Peoria 0 |
BOTTOM OF THE 4TH |
Peoria Chiefs batting - Pitching for Hartford Yard Goats : LHP John Mandarino
|
Batting: RHB Tyler Walker
|
0-0: Called Strike 0-1: Ball 1-1: Swinging Strike 1-2: Foul Ball, location: 2F 1-2: Ball 2-2: Ground out 6-3 (Groundball, 6, EV 86.2 MPH)
|
Batting: RHB Tim Cleary
|
0-0: Called Strike 0-1: Swinging Strike 0-2: Foul Ball, location: 2F 0-2: Ball 1-2: Strikes out looking
|
Batting: RHB Josh Broome
|
0-0: Called Strike 0-1: Called Strike 0-2: Foul Ball, location: 2F 0-2: Ball 1-2: Ball 2-2: Fly out, F8 (Flyball, 89M, EV 95.6 MPH)
|
Bottom of the 4th over - 0 runs, 0 hits, 0 errors, 0 left on base; Hartford 4 - Peoria 0 |
TOP OF THE 5TH |
Hartford Yard Goats batting - Pitching for Peoria Chiefs : RHP Ray Strehler
|
Batting: RHB Luis Castillo
|
0-0: Called Strike 0-1: Ball 1-1: Ball 2-1: Ball 3-1: Foul Ball, location: 2F 3-2: Reached on error, E6 (Groundball, 6, EV 82.5 MPH)
|
Batting: LHB Chris Salim
|
0-0: Ball Luis Castillo steals 2nd base 1-0: Intentional Walk
|
Batting: LHB Chris Raymond
|
0-0: Fly out, F9 (Flyball, 89D, EV 93.1 MPH) Runner from 2nd tags up, SAFE at 3rd, no throw by RF
|
Batting: RHB Bobby Gulsby
|
0-0: Fielders Choice at 2nd, 6-4 (Groundball, 6, EV 87.5 MPH) Luis Castillo scores
|
Batting: RHB Elias Urbina
|
0-0: Called Strike Bobby Gulsby steals 2nd base (no throw) 0-1: Swinging Strike 0-2: Ball 1-2: Foul Ball, location: 2F 1-2: SINGLE (Line Drive, 9S, EV 94.4 MPH) Bobby Gulsby to third Runner from 3rd tries for Home, throw by RF and OUT! 9-2
|
Top of the 5th over - 1 run, 1 hit, 1 error, 1 left on base; Hartford 5 - Peoria 0 |
BOTTOM OF THE 5TH |
Peoria Chiefs batting - Pitching for Hartford Yard Goats : LHP John Mandarino
|
Batting: RHB Chris Norris
|
0-0: Called Strike 0-1: Foul Ball, location: 2F 0-2: Foul Ball, location: 2F 0-2: Ball 1-2: Strikes out swinging
|
Batting: RHB Tommy Tracy
|
0-0: Ball 1-0: Ball 2-0: Called Strike 2-1: Fly out, F5 (Popup, 56S, EV 76.2 MPH)
|
Batting: SHB Hank Arias
|
0-0: Ball 1-0: Ball 2-0: Called Strike 2-1: SINGLE (Groundball, 56, EV 88.8 MPH) (infield hit)
|
Batting: RHB Yorkis Saiki
|
0-0: Ball 1-0: Called Strike 1-1: Ball 2-1: Called Strike 2-2: DOUBLE (Line Drive, 89M, EV 95.6 MPH) Hank Arias to third Runner from 3rd tries for Home, SAFE, throw by RF to trailing runner, OUT at third! 9-3-5
|
Bottom of the 5th over - 1 run, 2 hits, 0 errors, 0 left on base; Hartford 5 - Peoria 1 |
TOP OF THE 6TH |
Hartford Yard Goats batting - Pitching for Peoria Chiefs : RHP Ray Strehler
|
Pitching: RHP Nick Peters
|
|
Batting: RHB Mike Manchester
|
0-0: Ball 1-0: Swinging Strike 1-1: Foul Ball, location: 2F 1-2: Strikes out swinging
|
Batting: LHB Joe Miller
|
0-0: Ground out 5-3 (Groundball, 56, EV 90.6 MPH)
|
Batting: RHB Chris Kinder
|
0-0: Called Strike 0-1: Ball 1-1: Ground out 4-3 (Groundball, 4, EV 103.8 MPH)
|
Top of the 6th over - 0 runs, 0 hits, 0 errors, 0 left on base; Hartford 5 - Peoria 1 |
BOTTOM OF THE 6TH |
Peoria Chiefs batting - Pitching for Hartford Yard Goats : LHP John Mandarino
|
Batting: RHB Fortunato Fteira
|
0-0: Foul Ball, location: 2F 0-1: Ball 1-1: Ball 2-1: Foul Ball, location: 2F 2-2: Strikes out swinging
|
Batting: RHB Richard Riggs
|
0-0: Foul Ball, location: 2F 0-1: Ground out 6-3 (Groundball, 6, EV 88.8 MPH)
|
Batting: RHB Tyler Walker
|
0-0: Ball 1-0: Called Strike 1-1: Fly out, F8 (Flyball, 8RD, EV 89.4 MPH)
|
Bottom of the 6th over - 0 runs, 0 hits, 0 errors, 0 left on base; Hartford 5 - Peoria 1 |
TOP OF THE 7TH |
Hartford Yard Goats batting - Pitching for Peoria Chiefs : RHP Nick Peters
|
Pitching: RHP Kohsuke Naito
|
|
Batting: SHB Pete Perla
|
0-0: Called Strike 0-1: Called Strike 0-2: Ball 1-2: Strikes out swinging
|
Batting: RHB Luis Castillo
|
0-0: Swinging Strike 0-1: Reached on error, E6 (Groundball, 6, EV 90.0 MPH)
|
Batting: LHB Chris Salim
|
0-0: Intentional Walk
|
Batting: LHB Chris Raymond
|
0-0: Ball 1-0: Grounds into double play, 6-4-3 (Groundball, 6, EV 86.2 MPH)
|
Top of the 7th over - 0 runs, 0 hits, 1 error, 1 left on base; Hartford 5 - Peoria 1 |
BOTTOM OF THE 7TH |
Peoria Chiefs batting - Pitching for Hartford Yard Goats : LHP John Mandarino
|
Batting: RHB Tim Cleary
|
0-0: Ball 1-0: Ball 2-0: Ground out 5-3 (Groundball, 5, EV 81.2 MPH)
|
Pitching: LHP Steve Lima
|
|
Batting: RHB Josh Broome
|
0-0: Ball 1-0: Ball 2-0: Foul Ball, location: 2F 2-1: Ball 3-1: Called Strike 3-2: Base on Balls
|
Batting: RHB Chris Norris
|
0-0: Called Strike 0-1: Grounds into double play, 4-6-3 (Groundball, 34, EV 82.5 MPH)
|
Bottom of the 7th over - 0 runs, 0 hits, 0 errors, 0 left on base; Hartford 5 - Peoria 1 |
TOP OF THE 8TH |
Hartford Yard Goats batting - Pitching for Peoria Chiefs : RHP Kohsuke Naito
|
Batting: RHB Bobby Gulsby
|
0-0: Foul Ball, location: 2F 0-1: Called Strike 0-2: Ball 1-2: Foul Ball, location: 2F 1-2: Fly out, F8 (Line Drive, 8LM, EV 93.1 MPH)
|
Batting: RHB Elias Urbina
|
0-0: Ball 1-0: Ball 2-0: Foul Ball, location: 2F 2-1: Fly out, F8 (Flyball, 89XD, EV 101.9 MPH)
|
Batting: RHB Mike Manchester
|
0-0: Called Strike 0-1: Called Strike 0-2: Ball 1-2: Ball 2-2: Ball 3-2: Strikes out swinging
|
Top of the 8th over - 0 runs, 0 hits, 0 errors, 0 left on base; Hartford 5 - Peoria 1 |
BOTTOM OF THE 8TH |
Peoria Chiefs batting - Pitching for Hartford Yard Goats : LHP Steve Lima
|
Batting: RHB Tommy Tracy
|
0-0: Ball 1-0: Ground out 6-3 (Groundball, 6, EV 87.5 MPH)
|
Batting: SHB Hank Arias
|
0-0: Ball 1-0: Swinging Strike 1-1: Ground out 3-1 (Groundball, 34S, EV 83.8 MPH)
|
Batting: RHB Yorkis Saiki
|
0-0: Ball 1-0: Foul Ball, location: 2F 1-1: Ball 2-1: SINGLE (Groundball, 6MD, EV 93.8 MPH)
|
Batting: RHB Fortunato Fteira
|
0-0: Foul Ball, location: 2F 0-1: Ball 1-1: Called Strike 1-2: Ball 2-2: Ball 3-2: Base on Balls Yorkis Saiki to second
|
Batting: RHB Richard Riggs
|
0-0: Called Strike 0-1: Swinging Strike 0-2: Ball 1-2: Strikes out swinging
|
Bottom of the 8th over - 0 runs, 1 hit, 0 errors, 2 left on base; Hartford 5 - Peoria 1 |
TOP OF THE 9TH |
Hartford Yard Goats batting - Pitching for Peoria Chiefs : RHP Kohsuke Naito
|
Pitching: RHP Ricky Enriquez
|
|
Batting: LHB Joe Miller
|
0-0: Ball 1-0: Ground out 4-3 (Groundball, 4, EV 84.4 MPH)
|
Batting: RHB Chris Kinder
|
0-0: Ball 1-0: Called Strike 1-1: Ground out 4-3 (Groundball, 4M, EV 86.9 MPH)
|
Batting: SHB Pete Perla
|
0-0: Ball 1-0: Fly out, F9 (Flyball, 9, EV 90.0 MPH)
|
Top of the 9th over - 0 runs, 0 hits, 0 errors, 0 left on base; Hartford 5 - Peoria 1 |
BOTTOM OF THE 9TH |
Peoria Chiefs batting - Pitching for Hartford Yard Goats : LHP Steve Lima
|
Pitching: RHP Vas Karamyshev
|
|
Batting: RHB Tyler Walker
|
0-0: Swinging Strike 0-1: Ball 1-1: Ball 2-1: Ball 3-1: Base on Balls
|
Batting: RHB Tim Cleary
|
0-0: Ball 1-0: Fly out, F9 (Flyball, 89S, EV 81.9 MPH)
|
Batting: RHB Josh Broome
|
0-0: Ball 1-0: Ball 2-0: Called Strike 2-1: Swinging Strike 2-2: Foul Ball, location: 2F 2-2: Grounds into double play, 5-4-3 (Groundball, 5, EV 105.0 MPH)
|
Bottom of the 9th over - 0 runs, 0 hits, 0 errors, 0 left on base; Hartford 5 - Peoria 1 |
|